 Dungeon Crawl Stone Soup version 0.20.0-8-g6b59dc7 (webtiles) character file.

35 stringdemon the Insei (level 3, 0/25 HPs)
             Began as a Vine Stalker Transmuter on May 30, 2017.
             Succumbed to an adder's poison
             ... on level 2 of the Dungeon.
             The game lasted 00:02:45 (523 turns).

stringdemon the Insei (Vine Stalker Transmuter)      Turns: 523, Time: 00:02:46

Health: 0/25       AC: 21    Str: 12    XL:     3   Next: 35%
Magic:  3/7        EV:  2    Int: 14    God:
Gold:   40         SH:  0    Dex: 14    Spells: 5/6 levels left

rFire    . . .     SeeInvis .     - Unarmed
rCold    . . .     Gourm    .   (no shield)
rNeg     + + +     Faith    .   (armour currently unavailable)
rPois    +         Spirit   +   (helmet currently unavailable)
rElec    .         Reflect  .   (cloak currently unavailable)
rCorr    .         Harm     .   (gloves currently unavailable)
MR       .....     NoTele   +   (boots currently unavailable)
Stlth    +.........             (no amulet)
Regen    0.1/turn               (no ring)
MPRegen  0.1/turn               (no ring)

@: lethally poisoned (0 -> -6), tree-form, hasted, heavily drained, very quick
A: magic shield, no potion heal 3, rot immunity
a: no special abilities


You were on level 2 of the Dungeon.
You were not hungry.
You were a tree.
You visited 1 branch of the dungeon, and saw 2 of its levels.

You collected 40 gold pieces.

Inventory:

Missiles
 a - 32 arrows
Armour
 b - a +1 robe (melded)
Scrolls
 k - a scroll of remove curse {unknown}
Books
 c - a book of Changes

   Spells                             Type                      Level
   a - Beastly Appendage              Transmutation                1
   b - Sticks to Snakes               Transmutation                2
   c - Spider Form                    Transmutation/Poison         3
   d - Ice Form                       Ice/Transmutation            4
   e - Blade Hands                    Transmutation                5
Comestibles
 d - 2 bread rations
 f - 12 chunks of flesh


   Skills:
 - Level 0.8(0.0) Fighting
 - Level 1.5(0.2) Dodging
 + Level 4.3(2.8) Unarmed Combat
 - Level 2.1(0.8) Spellcasting
 - Level 2.0(0.6) Transmutations


You had 5 spell levels left.
You knew the following spells:

 Your Spells              Type           Power        Failure   Level  Hunger
a - Beastly Appendage     Tmut           #.....       21%         1    ##.....


Dungeon Overview and Level Annotations

Branches:
Dungeon (2/15)

Altars:


Innate Abilities, Weirdness & Mutations

((You have extremely sharp teeth.))
When hurt, damage is shared between your health and your magic reserves.
((Your bite disrupts and absorbs the magic of your enemies.))
Potions cannot restore your health.
You are immune to rotting.


Message History

You feel sick.
It was a potion of haste.
You feel yourself speed up.
As you read the scroll labeled INIWELEOZA, it crumbles to dust.
You hear a loud clanging noise!
It was a scroll of noise.
* * * LOW HITPOINT WARNING * * *
You feel sick.
You hear a shout! x2; You hear an angry hiss. x3
As you read the scroll labeled ULYLUC FUAFIP, it crumbles to dust.
You feel aware of your surroundings.
It was a scroll of magic mapping.
There are no items here.
As you read the scroll labeled DUNIKAECL LELI, it crumbles to dust.
It is a scroll of amnesia.
Forget which spell ([?*] list [ESC] exit)?
Forget which spell ([?*] list [ESC] exit)?
Okay, then.
As you read the scroll labeled DIEXES SAGRIAM, it crumbles to dust.
It is a scroll of enchant armour.
Your +0 robe glows green for a moment.
You die...

,************** #....
,,,,,,,,,,,,,,** #.÷..
,*******,,,*#..##############....
,+,,,,,,,,,,....................>
,*******,,,*##.#####.########....
** *,,,* #.* #.### #.... *,,,*
#.#* #...# #....
********,..###..####...######..#.
,,,,,,,,,.......♣...........#..#.
,,,,****,..####?####...####.#....
,,,,* ***** #.,* #...# #.##.##
,,,,* ##,**#...# #...... ,,,,*
*,,*#...# #..#.## ,,,,*
*****,*#.### #..#... *****
*,,,,,,..# #..###. *,,,,,...#
#..# *. *,,,,,,,,* #..# *,


There were no monsters in sight!

Vanquished Creatures
  An adder (D:2)
  A ball python (D:1)
  2 giant cockroaches
  6 hobgoblins (D:1)
  2 bats
  2 frilled lizards (D:1)
  7 goblins
  4 rats (D:1)
25 creatures vanquished.

Notes
Turn   | Place    | Note
-------+----------+-------------------------------------------
     0 | D:1      | stringdemon the Vine Stalker Transmuter began the quest for the Orb.
     0 | D:1      | Reached XP level 1. HP: 9/9 MP: 4/4
    56 | D:1      | Reached XP level 2. HP: 10/14 MP: 4/6
   367 | D:1      | Reached skill level 4 in Unarmed Combat
   466 | D:2      | Reached XP level 3. HP: 10/17 MP: 3/7
   520 | D:2      | HP: 1/25 [poisoned by an adder]
   523 | D:2      | Succumbed to an adder's poison

Skill      XL: |  1  2 |
---------------+-------+-----
Unarmed Combat | 4 |  4.3
Fighting       | |  0.8
Dodging        | |  1.5
Spellcasting   | |  2.1
Transmutations | |  2.0

Action                   || total
-------------------------++-------
Melee: Unarmed           ||    58
       Bite              ||    12
       Headbutt          ||     5
       Kick              ||     7
       Punch             ||     1
 Cast: Beastly Appendage ||    15
  Use: Scroll            ||     4
       Potion            ||     2
 Stab: Sleeping          ||     1
Armor: Robe              ||     7
       Skin              ||     2
Dodge: Dodged            ||    35
